[Event "Team 45 45 League T25"]
[Site "Internet Chess Club"]
[Date "2004.12.10"]
[Round "1"]
[White "JSC"]
[Black "Akaineco"]
[Result "0-1"]
[WhiteElo "1889"]
[BlackElo "2016"]
[TimeControl "2700+45"]

1. e4 c5 2. c3 e6 3. d4 d5 4. exd5 Qxd5 5. Nf3 cxd4 6. cxd4 Nf6 7. Nc3 Qa5 8.
Bd2 Bd7 9. Qb3 Qb6 10. Qxb6 axb6 11. Nb5 Na6 12. Rc1 Rc8 13. Rxc8+ Bxc8 14. a3
Be7 15. Ne5 O-O 16. g3 Nb8 17. Bg2 Nbd7 18. Na7 Nxe5 19. dxe5 Nd5 20. Nxc8 Rxc8
21. Bxd5 exd5 22. Bc3 Bxa3 23. Kd2 Bc5 24. Ke2 Kf8 25. Rd1 Rd8 26. Bd4 Ke7 27.
Ke3 Ke6 28. Rd3 Rc8 29. f4 g6 30. Rb3 Rc7 31. g4 Kd7 32. Bxc5 bxc5 33. Rb6 Ke7
34. f5 Rd7 35. Rb5 d4+ 36. Kd3 c4+ 37. Kd2 Rc7 38. h4 gxf5 39. gxf5 h5 40. Rb6
Rc5 41. Rxb7+ Kf8 42. Rb8+ Kg7 43. f6+ Kg6 44. Rg8+ Kf5 45. Rg7 Ke6 46. Rh7 Rxe5
47. Rh6 Rf5 48. Kc2 d3+ 49. Kc1 Rf1+ 50. Kd2 Rf2+ 51. Kc1 Rc2+ 52. Kb1 c3 53.
bxc3 Rxc3 54. Rh8 d2 55. Rd8 Rc1+ 56. Kb2 d1=Q {White resigns} 0-1

[Event "Team 45 45 League T25"]
[Site "Internet Chess Club"]
[Date "2004.12.11"]
[Round "1"]
[White "Zornorph"]
[Black "LadyLuck"]
[Result "1-0"]
[WhiteElo "1969"]
[BlackElo "1897"]
[TimeControl "2700+45"]

1. c4 Nf6 2. Nc3 e5 3. g3 Nc6 4. Bg2 Bb4 5. Nf3 d6 6. O-O Be6 7. d3 Qd7 8. Bg5
h6 9. Bxf6 gxf6 10. Nd5 Bxd5 11. cxd5 Ne7 12. a3 Bc5 13. b4 Bb6 14. Qb3 f5 15.
Bh3 Qb5 16. a4 Qxd5 17. Qxd5 Nxd5 18. a5 Bd4 19. Nxd4 exd4 20. Bxf5 Rg8 21. h4
Nxb4 22. Rab1 c5 23. e3 dxe3 24. Rfe1 Kf8 25. Rxe3 Nc2 26. Re4 Nd4 27. Bd7 Rb8
28. Kf1 b5 29. axb6 axb6 30. Bb5 Kg7 31. Rg4+ Kh7 32. Re4 Rg6 33. Re7 Rg7 34.
Bc4 b5 35. Rxf7 Rxf7 36. Bxf7 b4 37. Ke1 Kg7 38. Bd5 Kf6 39. Kd2 Nb5 40. Re1 Nd4
41. g4 Rb6 42. f4 Ra6 43. g5+ hxg5 44. fxg5+ Kg7 45. h5 b3 46. Re7+ Kf8 47. Rf7+
Ke8 48. Kc3 Ra1 49. Rb7 Rc1+ 50. Kb2 Rc2+ 51. Kb1 Rc3 52. h6 Rxd3 53. h7 Rd1+
54. Kb2 Rd2+ 55. Kc3 Rc2+ 56. Kd3 Rh2 57. h8=Q+ Rxh8 58. Rb8+ Ke7 59. Rxh8 b2
60. Rb8 {Black resigns} 1-0

[Event "Team 45 45 League T25"]
[Site "Internet Chess Club"]
[Date "2004.12.11"]
[Round "1"]
[White "siddhu"]
[Black "tgralex"]
[Result "1-0"]
[WhiteElo "1870"]
[BlackElo "1695"]
[TimeControl "2700+45"]

1. e4 e5 2. Nf3 Nc6 3. Bb5 Bc5 4. O-O d6 5. c3 a6 6. Bxc6+ bxc6 7. d4 exd4 8.
cxd4 Bb6 9. d5 Ne7 10. Nc3 h6 11. h3 O-O 12. Re1 Bb7 13. Be3 f5 14. Bxb6 cxb6
15. dxc6 Bxc6 16. Qd4 fxe4 17. Nxe4 d5 18. Ng3 Nf5 19. Nxf5 Rxf5 20. Re6 Bd7 21.
Qxb6 Qf8 22. Rd6 Bb5 23. Rg6 Re8 24. Nd4 Rxf2 25. Ne6 Rxe6 26. Qxe6+ Kh7 27. Rg4
Rxb2 28. Qxd5 Qf2+ 29. Kh2 Rd2 30. Qe4+ Kh8 31. Rf4 Qc5 32. Rc1 Rxg2+ 33. Kxg2
Qg5+ 34. Kh1 {Black resigns} 1-0

[Event "Team 45 45 League T25"]
[Site "Internet Chess Club"]
[Date "2004.12.11"]
[Round "1"]
[White "Burning-Bush"]
[Black "Frankenstein"]
[Result "1/2-1/2"]
[WhiteElo "2234"]
[BlackElo "2244"]
[TimeControl "2700+45"]

1. d4 Nf6 2. g3 e6 3. Bg2 d5 4. Nf3 Bd6 5. O-O O-O 6. Nbd2 c5 7. c4 Nc6 8. cxd5
exd5 9. dxc5 Bxc5 10. Nb3 Bb6 11. Bg5 h6 12. Bxf6 Qxf6 13. Qd2 Re8 14. Rac1 Bf5
15. Nc5 Ba5 16. Qxd5 Rxe2 17. Nxb7 Be4 18. Rxc6 Bxd5 19. Rxf6 Bxb7 20. Rf5 Bb6
21. Nd4 Bxd4 22. Bxb7 Rb8 23. Bd5 Rbxb2 24. Rxf7 Kh7 25. Bc4 Red2 26. h4 a5 27.
h5 a4 28. Rf8 g5 29. hxg6+ Kxg6 30. Kg2 Kg7 31. Rf7+ Kg6 32. Rf4 Kg5 33. Bf7 h5
34. Be6 a3 35. Rf5+ Kg6 36. Rf4 Kg5 37. Rf3 Rbc2 38. Rf5+ Kg6 39. Rf4 Kg5 40.
Rf5+ Kg6 41. Rf3 Kg5 42. Rf4 Rb2 43. Rf5+ Kg6 44. Rf3 Kg5 45. Rxa3 Bxf2 46. Kf3
h4 47. gxh4+ Bxh4 48. Ra5+ Kf6 49. Bc4 Rf2+ 50. Rxf2 Bxf2 51. Ke4 Ke7 52. Rf5
Kd7 53. Rf6 Kc7 54. Bb3 Rd2 55. Bd5 Bd4 56. Rc6+ Kb8 57. Rg6 Bc3 58. Bb3 Rd4+
59. Ke3 Rd7 60. Rc6 Bb2 61. Be6 Rc7 62. Rb6+ Rb7 63. Rc6 Rc7 64. Rb6+ Rb7 65.
Rc6 Rc7 66. Rd6 Ba3 67. Ra6 Bc5+ 68. Kd3 Kb7 69. Ra4 Kb6 70. Bc4 Ra7 71. Rxa7
Kxa7 72. a4 {Game drawn by mutual agreement} 1/2-1/2

[Event "Team 45 45 League T25"]
[Site "Internet Chess Club"]
[Date "2004.12.10"]
[Round "1"]
[White "NinthRank"]
[Black "PaulKaspar"]
[Result "1/2-1/2"]
[WhiteElo "1800"]
[BlackElo "1933"]
[TimeControl "2700+45"]

1. e4 c6 2. d4 d5 3. Nc3 dxe4 4. Nxe4 Bf5 5. Ng3 Bg6 6. Nf3 Nd7 7. Bd3 Bxd3 8.
Qxd3 e6 9. Bd2 Ngf6 10. O-O-O Bd6 11. Rhe1 O-O 12. Bg5 Qa5 13. Kb1 Rac8 14. Ne4
Nxe4 15. Qxe4 Qd5 16. Bf4 Qxe4 17. Rxe4 Nf6 18. Bxd6 Nxe4 19. Bxf8 Rxf8 20. Rf1
g5 21. Kc1 Rd8 22. c3 Kg7 23. Ne5 f6 24. Ng4 h5 25. Ne3 g4 26. h3 f5 27. hxg4
hxg4 28. f3 gxf3 29. gxf3 Ng5 30. Nc4 f4 31. Ne5 Kf6 32. Rh1 c5 33. Rh6+ Kf5 34.
Rh5 Rd5 35. Nf7 Kg6 36. Rxg5+ Rxg5 37. Nxg5 Kxg5 38. dxc5 Kh4 39. b4 e5 40. Kd2
Kg3 41. b5 e4 42. c6 bxc6 43. bxc6 exf3 44. c7 f2 45. c8=Q f1=Q 46. Qg8+ Kf2
{Game drawn by mutual agreement} 1/2-1/2

[Event "Team 45 45 League T25"]
[Site "Internet Chess Club"]
[Date "2004.12.10"]
[Round "1"]
[White "EricW"]
[Black "WillyPete"]
[Result "1-0"]
[WhiteElo "1896"]
[BlackElo "1775"]
[TimeControl "2700+45"]

1. d4 d5 2. c4 c6 3. cxd5 cxd5 4. Nc3 Nf6 5. Nf3 Bf5 6. Bf4 e6 7. e3 Qb6 8. Bb5+
Nbd7 9. Qa4 Bd6 10. Ne5 Bxe5 11. dxe5 a6 12. exf6 axb5 13. Qxa8+ {Black resigns}
1-0

[Event "Team 45 45 League T25"]
[Site "Internet Chess Club"]
[Date "2004.12.13"]
[Round "1"]
[White "carrotop"]
[Black "six-killer"]
[Result "0-1"]
[WhiteElo "1601"]
[BlackElo "1853"]
[TimeControl "2700+45"]

1. e4 c5 2. Nf3 d6 3. d4 cxd4 4. Nxd4 Nf6 5. Nc3 a6 6. Bc4 e6 7. Bb3 b5 8. f3
Be7 9. Be3 e5 10. Nf5 Bxf5 11. exf5 Nbd7 12. Nd5 Nc5 13. Nxe7 Qxe7 14. Bd5 Nxd5
15. Qxd5 O-O 16. O-O-O Rfd8 17. Bg5 Qxg5+ 18. Kb1 Qxf5 19. g4 Qe6 20. Qd2 d5 21.
Rhg1 d4 22. Rge1 Qd5 23. f4 e4 24. b4 Na4 {White resigns} 0-1